cohdb
Replays
Latest Replays
All Replays
Popular Replays
Top Player Replays
Match Explorer
How It Works
Community
CoH3 Stats
Reddit
Sign in to upload your games and track your stats! →
Sign in with Steam
Match 45959780
Unlisted
Match 45959780
Overview
Messages
Build Orders
End
Kradschützen Motorcycle Team
Selects Panzerjäger Kommand Battlegroup
Selects Mine Fields
Panzergrenadier Squad
Panzerpioneer Squad
Panzergrenadier Squad
Panzergrenadier Squad
Construct Light Support Kompanie
Construct Mechanized Kompanie
Support Armor Elements
Selects Defensive Positions
StuG III D Assault Gun
StuG III D Assault Gun
Vehicle Survival Package
FeriG
DexN
0
0
Comments
sign in to comment!
No comments posted yet!